TOP OF THE 1ST |
Tashkent Tyrants batting - Pitching for St. Petersburg Texans : RHP Antonin Podskubka
|
Pitching: RHP Antonin Podskubka
|
|
Batting: LHB Al-Ghawrî Özergin
|
0-0: Ball 1-0: SINGLE (Groundball, 4MD, EV 97.5 MPH)
|
Batting: RHB Philippe Rodriguez
|
0-0: Grounds into double play, 4-6-3 (Groundball, 4, EV 86.3 MPH)
|
Batting: RHB Patrice Prunier
|
0-0: Swinging Strike 0-1: Ball 1-1: Ground out 6-3 (Groundball, 6MD, EV 97.5 MPH)
|
Top of the 1st over - 0 runs, 1 hit, 0 errors, 0 left on base; Tashkent 0 - St. Petersburg 0 |
BOTTOM OF THE 1ST |
St. Petersburg Texans batting - Pitching for Tashkent Tyrants : RHP Aidan Brodie
|
Pitching: RHP Aidan Brodie
|
|
Batting: LHB Edemona Kelalani
|
0-0: Ball 1-0: Ball 2-0: Swinging Strike 2-1: Fly out, F8 (Flyball, 8LXD, EV 87.5 MPH)
|
Batting: LHB Jason Geaney
|
0-0: Called Strike 0-1: Swinging Strike 0-2: Ball 1-2: Foul Ball, location: 2F 1-2: Ball 2-2: Ball 3-2: Ground out 4-3 (Groundball, 4, EV 83.8 MPH)
|
Batting: RHB Jesus Prieto
|
0-0: Ball 1-0: SINGLE (Groundball, 34D, EV 101.3 MPH)
|
Batting: LHB Cosmin Muresan
|
0-0: Called Strike 0-1: Ball 1-1: 2-RUN HOME RUN (Flyball, 7LD, EV 96.3 MPH), Distance : 341 ft
|
Batting: LHB Armando Rodriguez
|
0-0: Fly out, F6 (Popup, 6MS, EV 73.1 MPH)
|
Bottom of the 1st over - 2 runs, 2 hits, 0 errors, 0 left on base; Tashkent 0 - St. Petersburg 2 |
TOP OF THE 2ND |
Tashkent Tyrants batting - Pitching for St. Petersburg Texans : RHP Antonin Podskubka
|
Batting: LHB Nebosja Kadijevic
|
0-0: Called Strike 0-1: Ball 1-1: Ball 2-1: Ground out 4-3 (Groundball, 4, EV 85.6 MPH)
|
Batting: RHB Yermolay Pautov
|
0-0: Called Strike 0-1: Ball 1-1: Ball 2-1: Foul Ball, location: 9LDF 2-2: Foul Ball, location: 25F 2-2: Fly out, F9 (Flyball, 9, EV 93.8 MPH)
|
Batting: LHB Cyril Sellier
|
0-0: Called Strike 0-1: Called Strike 0-2: Ball 1-2: Ground out 5-3 (Groundball, 5L, EV 102.5 MPH)
|
Top of the 2nd over - 0 runs, 0 hits, 0 errors, 0 left on base; Tashkent 0 - St. Petersburg 2 |
BOTTOM OF THE 2ND |
St. Petersburg Texans batting - Pitching for Tashkent Tyrants : RHP Aidan Brodie
|
Batting: LHB Mark Young
|
0-0: Ball 1-0: Foul Ball, location: 7LMF 1-1: Ball 2-1: Ball 3-1: Called Strike 3-2: Foul Ball, location: 2F 3-2: Foul Ball, location: 2F 3-2: Ground out 6-3 (Groundball, 6MS, EV 83.8 MPH)
|
Batting: RHB Lamberto Cencio
|
0-0: Called Strike 0-1: Called Strike 0-2: Ball 1-2: Fly out, F8 (Flyball, 8RM, EV 91.3 MPH)
|
Batting: LHB Bruno Muller
|
0-0: Called Strike 0-1: Ball 1-1: Ball 2-1: Called Strike 2-2: Foul Ball, location: 2F 2-2: SINGLE (Line Drive, 8RS, EV 85.6 MPH)
|
Batting: RHB Wilfred Schwartz
|
0-0: Ball 1-0: Called Strike 1-1: Fielders Choice at 2nd, 6-4 (Groundball, 6, EV 98.8 MPH)
|
Bottom of the 2nd over - 0 runs, 1 hit, 0 errors, 1 left on base; Tashkent 0 - St. Petersburg 2 |
TOP OF THE 3RD |
Tashkent Tyrants batting - Pitching for St. Petersburg Texans : RHP Antonin Podskubka
|
Batting: RHB Philippe Denis
|
0-0: Ground out 3-1 (Groundball, 34, EV 106.9 MPH)
|
Batting: RHB Uzeyir Khojaminasishvili
|
0-0: Foul Ball, location: 9LSFF 0-1: Called Strike 0-2: Strikes out looking
|
Batting: RHB Ostoja Raznjatovic
|
0-0: Ground out 5-3 (Groundball, 56, EV 100.0 MPH)
|
Top of the 3rd over - 0 runs, 0 hits, 0 errors, 0 left on base; Tashkent 0 - St. Petersburg 2 |
BOTTOM OF THE 3RD |
St. Petersburg Texans batting - Pitching for Tashkent Tyrants : RHP Aidan Brodie
|
Batting: LHB Edemona Kelalani
|
0-0: SINGLE (Groundball, 34D, EV 110.6 MPH)
|
Batting: LHB Jason Geaney
|
0-0: Ball 1-0: Swinging Strike 1-1: 2-RUN HOME RUN (Flyball, 89XD, EV 101.9 MPH), Distance : 396 ft
|
Batting: RHB Jesus Prieto
|
0-0: Ball 1-0: Ball 2-0: Called Strike 2-1: Swinging Strike 2-2: Foul Ball, location: 2F 2-2: Foul Ball, location: 2F 2-2: Fly out, F7 (Flyball, 7D, EV 105.0 MPH)
|
Batting: LHB Cosmin Muresan
|
0-0: Called Strike 0-1: Foul Ball, location: 2F 0-2: Fly out, F6 (Popup, 6M, EV 62.5 MPH)
|
Batting: LHB Armando Rodriguez
|
0-0: Called Strike 0-1: Ball 1-1: Ball 2-1: Fly out, F8 (Flyball, 8LM, EV 90.0 MPH)
|
Bottom of the 3rd over - 2 runs, 2 hits, 0 errors, 0 left on base; Tashkent 0 - St. Petersburg 4 |
TOP OF THE 4TH |
Tashkent Tyrants batting - Pitching for St. Petersburg Texans : RHP Antonin Podskubka
|
Batting: LHB Al-Ghawrî Özergin
|
0-0: Ball 1-0: Swinging Strike 1-1: Ball 2-1: Foul Ball, location: 2F 2-2: Ground out 6-3 (Groundball, 6, EV 84.4 MPH)
|
Batting: RHB Philippe Rodriguez
|
0-0: Foul Ball, location: 5F 0-1: Called Strike 0-2: Ball 1-2: Ball 2-2: Ball 3-2: SINGLE (Flyball, 89S, EV 86.3 MPH)
|
Batting: RHB Patrice Prunier
|
0-0: Ball 1-0: Foul Ball, location: 5F 1-1: Swinging Strike 1-2: Ball 2-2: Ball 3-2: Strikes out looking Philippe Rodriguez is caught stealing 2nd base 2-4 Batter strikes out.
|
Top of the 4th over - 0 runs, 1 hit, 0 errors, 0 left on base; Tashkent 0 - St. Petersburg 4 |
BOTTOM OF THE 4TH |
St. Petersburg Texans batting - Pitching for Tashkent Tyrants : RHP Aidan Brodie
|
Batting: LHB Mark Young
|
0-0: Called Strike 0-1: Called Strike 0-2: Strikes out swinging
|
Batting: RHB Lamberto Cencio
|
0-0: SINGLE (Groundball, 6MD, EV 107.5 MPH)
|
Batting: LHB Bruno Muller
|
0-0: Ball 1-0: Foul Ball, location: 5SF 1-1: Fly out, F5 (Popup, 56S, EV 65.6 MPH)
|
Batting: RHB Wilfred Schwartz
|
0-0: Ball Pickoff Throw by Catcher to First - Out!
|
Bottom of the 4th over - 0 runs, 1 hit, 0 errors, 0 left on base; Tashkent 0 - St. Petersburg 4 |
TOP OF THE 5TH |
Tashkent Tyrants batting - Pitching for St. Petersburg Texans : RHP Antonin Podskubka
|
Batting: LHB Nebosja Kadijevic
|
0-0: Ball 1-0: Called Strike 1-1: Ball 2-1: Foul Ball, location: 5F 2-2: Foul Ball, location: 7LSF 2-2: Strikes out looking
|
Batting: RHB Yermolay Pautov
|
0-0: Called Strike 0-1: Ball 1-1: Ball 2-1: Ball 3-1: Foul Ball, location: 2F 3-2: Strikes out swinging
|
Batting: LHB Cyril Sellier
|
0-0: Swinging Strike 0-1: Ball 1-1: Foul Ball, location: 7LSF 1-2: Ground out 4-3 (Groundball, 4, EV 78.8 MPH)
|
Top of the 5th over - 0 runs, 0 hits, 0 errors, 0 left on base; Tashkent 0 - St. Petersburg 4 |
BOTTOM OF THE 5TH |
St. Petersburg Texans batting - Pitching for Tashkent Tyrants : RHP Aidan Brodie
|
Batting: RHB Wilfred Schwartz
|
0-0: Called Strike 0-1: Fly out, F8 (Flyball, 8LXD, EV 85.6 MPH)
|
Batting: LHB Edemona Kelalani
|
0-0: Ball 1-0: Fly out, F5 (Line Drive, 56, EV 70.6 MPH)
|
Batting: LHB Jason Geaney
|
0-0: Ball 1-0: Swinging Strike 1-1: Swinging Strike 1-2: Ball 2-2: Ball 3-2: SOLO HOME RUN (Flyball, 9D, EV 96.9 MPH), Distance : 361 ft
|
Pitching: RHP Aleksi Ledohovich
|
|
Batting: RHB Jesus Prieto
|
0-0: Ball 1-0: Called Strike 1-1: Ground out 5-3 (Groundball, 15, EV 91.3 MPH)
|
Bottom of the 5th over - 1 run, 1 hit, 0 errors, 0 left on base; Tashkent 0 - St. Petersburg 5 |
TOP OF THE 6TH |
Tashkent Tyrants batting - Pitching for St. Petersburg Texans : RHP Antonin Podskubka
|
Batting: RHB Philippe Denis
|
0-0: Ball 1-0: Swinging Strike 1-1: Swinging Strike 1-2: Strikes out swinging
|
Batting: RHB Uzeyir Khojaminasishvili
|
0-0: Foul Ball, location: 2F 0-1: Ball 1-1: Foul Ball, location: 7LDF 1-2: Ball 2-2: Ball 3-2: Strikes out swinging
|
Batting: RHB Ostoja Raznjatovic
|
0-0: Ball 1-0: Ball 2-0: Called Strike 2-1: Ball 3-1: Called Strike 3-2: SINGLE (Line Drive, 6D, EV 96.3 MPH)
|
Batting: LHB Al-Ghawrî Özergin
|
0-0: Ball 1-0: Called Strike 1-1: Foul Ball, location: 5SF 1-2: Ball 2-2: Foul Ball, location: 2F 2-2: Foul Ball, location: 2F 2-2: Foul Ball, location: 3FF 2-2: Fly out, F9 (Flyball, 9, EV 90.6 MPH)
|
Top of the 6th over - 0 runs, 1 hit, 0 errors, 1 left on base; Tashkent 0 - St. Petersburg 5 |
BOTTOM OF THE 6TH |
St. Petersburg Texans batting - Pitching for Tashkent Tyrants : RHP Aleksi Ledohovich
|
Batting: LHB Cosmin Muresan
|
0-0: Fly out, F8 (Flyball, 8LD, EV 110.6 MPH)
|
Batting: LHB Armando Rodriguez
|
0-0: Ball 1-0: Ball 2-0: Called Strike 2-1: Swinging Strike 2-2: Strikes out swinging
|
Batting: LHB Mark Young
|
0-0: Called Strike 0-1: Swinging Strike 0-2: Ball 1-2: Ball 2-2: Foul Ball, location: 7LSF 2-2: Ball 3-2: Foul Ball, location: 9LMF 3-2: Strikes out swinging
|
Bottom of the 6th over - 0 runs, 0 hits, 0 errors, 0 left on base; Tashkent 0 - St. Petersburg 5 |
TOP OF THE 7TH |
Tashkent Tyrants batting - Pitching for St. Petersburg Texans : RHP Antonin Podskubka
|
Pitching: RHP Helge Masalkov
|
|
Batting: RHB Philippe Rodriguez
|
0-0: Ball 1-0: DOUBLE (Flyball, 78D, EV 106.3 MPH)
|
Batting: RHB Patrice Prunier
|
0-0: Called Strike 0-1: Ball 1-1: Fly out, F8 (Flyball, 8RM, EV 91.9 MPH)
|
Batting: LHB Nebosja Kadijevic
|
0-0: Called Strike 0-1: Ball 1-1: Foul Ball, location: 3SF 1-2: Strikes out swinging
|
Batting: RHB Yermolay Pautov
|
0-0: Called Strike 0-1: Ball 1-1: Ground out U3 (Groundball, 3S, EV 93.1 MPH)
|
Top of the 7th over - 0 runs, 1 hit, 0 errors, 1 left on base; Tashkent 0 - St. Petersburg 5 |
BOTTOM OF THE 7TH |
St. Petersburg Texans batting - Pitching for Tashkent Tyrants : RHP Aleksi Ledohovich
|
Batting: RHB Lamberto Cencio
|
0-0: Foul Ball, location: 2F 0-1: Called Strike 0-2: Ball 1-2: Ball 2-2: Ground out 6-3 (Groundball, 6, EV 85.6 MPH)
|
Batting: LHB Bruno Muller
|
0-0: Ball 1-0: Ball 2-0: Called Strike 2-1: Swinging Strike 2-2: Reached via error on a dropped throw from 1B, E1 (Groundball, 34, EV 101.9 MPH)
|
Batting: RHB Wilfred Schwartz
|
0-0: Ball 1-0: Swinging Strike 1-1: Ball 2-1: Ball 3-1: Foul Ball, location: 2F 3-2: Ground out 6-3 (Groundball, 6, EV 90.0 MPH) Bruno Muller to second
|
Pitching: LHP Veit Salvenmoser
|
|
Batting: LHB Edemona Kelalani
|
0-0: Ball 1-0: Fly out, F7 (Flyball, 7D, EV 90.6 MPH)
|
Bottom of the 7th over - 0 runs, 0 hits, 1 error, 1 left on base; Tashkent 0 - St. Petersburg 5 |
TOP OF THE 8TH |
Tashkent Tyrants batting - Pitching for St. Petersburg Texans : RHP Helge Masalkov
|
Batting: LHB Cyril Sellier
|
0-0: Ball 1-0: Called Strike 1-1: Ball 2-1: Called Strike 2-2: Foul Ball, location: 7LMF 2-2: Fly out, F4 (Popup, 4, EV 53.8 MPH)
|
Batting: RHB Philippe Denis
|
0-0: Ball 1-0: Ball 2-0: Ball 3-0: Called Strike 3-1: SINGLE (Line Drive, 89S, EV 86.9 MPH)
|
Pitching: LHP Aleksandr Manaenkov
|
|
Batting: RHB Uzeyir Khojaminasishvili
|
0-0: Foul Ball, location: 25FF 0-1: Ball 1-1: Ball 2-1: Called Strike 2-2: Ball 3-2: Foul Ball, location: 9LMF 3-2: Fielders Choice at 2nd, 4-6 (Groundball, 4, EV 110.0 MPH)
|
Batting: RHB Ostoja Raznjatovic
|
0-0: Ball 1-0: Swinging Strike 1-1: SINGLE (Groundball, 34D, EV 102.5 MPH) Uzeyir Khojaminasishvili to second Runner from 2nd tries for 3rd, SAFE, throw by RF made to third
|
Batting: LHB Al-Ghawrî Özergin
|
0-0: Ball 1-0: Called Strike 1-1: Swinging Strike 1-2: Ball 2-2: Ball 3-2: Strikes out swinging
|
Top of the 8th over - 0 runs, 2 hits, 0 errors, 2 left on base; Tashkent 0 - St. Petersburg 5 |
BOTTOM OF THE 8TH |
St. Petersburg Texans batting - Pitching for Tashkent Tyrants : LHP Veit Salvenmoser
|
Batting: LHB Jason Geaney
|
0-0: Fly out, F8 (Flyball, 89XD, EV 91.3 MPH)
|
Batting: RHB Jesus Prieto
|
0-0: Called Strike 0-1: Swinging Strike 0-2: Fly out, F6 (Line Drive, 6, EV 68.8 MPH)
|
Batting: LHB Cosmin Muresan
|
0-0: Called Strike 0-1: Called Strike 0-2: Ball 1-2: Foul Ball, location: 5SF 1-2: Strikes out looking
|
Bottom of the 8th over - 0 runs, 0 hits, 0 errors, 0 left on base; Tashkent 0 - St. Petersburg 5 |
TOP OF THE 9TH |
Tashkent Tyrants batting - Pitching for St. Petersburg Texans : LHP Aleksandr Manaenkov
|
Batting: RHB Philippe Rodriguez
|
0-0: Ball 1-0: Foul Ball, location: 23F 1-1: Foul Ball, location: 3FF 1-2: Ball 2-2: Foul Ball, location: 2F 2-2: Ball 3-2: Fly out, F9 (Flyball, 9D, EV 95.6 MPH)
|
Batting: RHB Patrice Prunier
|
0-0: Ball 1-0: Called Strike 1-1: Ball 2-1: Called Strike 2-2: Foul Ball, location: 9LSF 2-2: Fly out, F9 (Flyball, 9S, EV 85.0 MPH)
|
Batting: LHB Nebosja Kadijevic
|
0-0: Swinging Strike 0-1: Ball 1-1: Fly out, F5 (Popup, 5DF, EV 56.9 MPH)
|
Top of the 9th over - 0 runs, 0 hits, 0 errors, 0 left on base; Tashkent 0 - St. Petersburg 5 |
|